 Dungeon Crawl Stone Soup version 0.22.0-38-g04b72b8 (webtiles) character file.

242 Marcoleric the Shield-Bearer (level 6, -4/38 HPs)
             Began as a Gargoyle Fighter on Aug 27, 2018.
             Killed from afar by an orc wizard (11 damage)
             ... with a puff of flame
             ... on level 4 of the Dungeon.
             The game lasted 00:11:25 (2368 turns).

Marcoleric the Shield-Bearer (Gargoyle Fighter)     Turns: 2368, Time: 00:11:27

Health: -4/38      AC: 15    Str: 23    XL:     6   Next: 9%
Magic:  6/6        EV:  6    Int:  8    God:    Xom [......]
Gold:   157        SH:  9    Dex:  9    Spells: 5/5 levels left

rFire    . . .     SeeInvis .   a - +0 war axe
rCold    . . .     Gourm    .   c - +0 shield
rNeg     + . .     Faith    .   g - +0 chain mail (curse)
rPois    ∞         Spirit   .   (no helmet)
rElec    +         Reflect  .   o - scarf {cloud immunity}
rCorr    .         Harm     .   (no gloves)
MR       .....                  j - +1 pair of boots
Stlth    ..........             (no amulet)
HPRegen  0.12/turn              h - +3 ring of strength
MPRegen  0.10/turn              (no ring)

@: no status effects
A: negative energy resistance 1, electricity resistance, weak 1, unbreathing,
petrification resistance, rot immunity, AC +4
a: Renounce Religion


You were on level 4 of the Dungeon.
You worshipped Xom.
You were a very special plaything of Xom.
You were not hungry.

You visited 1 branch of the dungeon, and saw 4 of its levels.

You collected 157 gold pieces.

Inventory:

Hand Weapons
 a - a +0 war axe (weapon)
Armour
 b - a +0 scale mail
 c - a +0 shield (worn)
 g - a cursed +0 chain mail (worn)
 j - a +1 pair of boots (worn)
 o - a scarf of cloud immunity (worn)
Jewellery
 h - a +3 ring of strength (left hand)
Wands
 m - a wand of flame (25)
Scrolls
 p - a scroll of blinking
 r - a scroll of remove curse {unknown}
Potions
 d - a potion of might
 e - a potion of flight
 i - a potion of curing {unknown}
 k - 2 potions of agility
 l - a potion of brilliance {unknown}
 n - a potion of resistance {unknown}
 q - 2 potions of cancellation {unknown}
Comestibles
 f - 6 rations


   Skills:
 + Level 3.8 Fighting
 * Level 4.0 Axes
 + Level 3.8 Armour
 + Level 1.1 Dodging
 + Level 0.2 Stealth
 + Level 4.4 Shields


You had 5 spell levels left.
You didn't know any spells.
Your spell library was empty.

Dungeon Overview and Level Annotations

Branches:
Dungeon (4/15)
 Temple: D:4-7

Altars:
Gozag
Makhleb
Sif Muna
Xom


Innate Abilities, Weirdness & Mutations

You are resistant to torment.
Your stone body is resilient. (AC +4)
You are immune to poison.
You resist negative energy. (rN+)
You are resistant to electric shocks. (rElec)
You can survive without breathing.
You are immune to petrification.
You are immune to rotting.
You are weak. (Str -2)


Message History

You closely miss the wolf.
The wolf is heavily wounded.
You miss something. You block the wolf's attack.
Something hits you but does no damage. The wolf bites you but does no damage.
Your shield and chain mail prevent you from hitting the wolf.
The wolf is heavily wounded.
You miss something. The wolf bites you. The wolf bites you but does no damage.
Something hits you but does no damage.
You hear some strange, mumbled words.
A puff of flame appears from out of thin air!
The puff of flame hits you! You block the wolf's attack.
You closely miss the wolf.
The wolf is heavily wounded.
You closely miss something. The wolf bites you.
* * * LOW HITPOINT WARNING * * *
You hear some strange, mumbled words.
A puff of flame appears from out of thin air!
The puff of flame hits you!
You die...
Xom thinks this is hilarious!

#...........#
#...<../...###
###............
......)..!...#
#..........#
##.......##
#.........#
#..{h.?...#
#..@......#
#.........#
#...<.....#
##.....).##
##.....##
#######


You could see a wolf.

Vanquished Creatures
  2 orc wizards
  Jessica (D:3)
  Terence (D:2)
  2 gnolls
  2 adders (D:3)
  3 oozes
  A worm (D:3)
  2 dart slugs
  2 leopard geckos
  10 orcs
  3 giant cockroaches
  5 goblins
  7 hobgoblins
  2 jackals (D:1)
  10 kobolds
  9 bats
  3 frilled lizards
  7 rats
72 creatures vanquished.

Notes
Turn   | Place    | Note
-------+----------+-------------------------------------------
     0 | D:1      | Marcoleric the Gargoyle Fighter began the quest for the Orb.
     0 | D:1      | Reached XP level 1. HP: 14/14 MP: 1/1
   132 | D:1      | Reached XP level 2. HP: 16/19 MP: 2/2
   521 | D:1      | Reached XP level 3. HP: 23/23 MP: 3/3
  1190 | D:2      | Noticed Terence
  1202 | D:2      | Killed Terence
  1202 | D:2      | Reached XP level 4. HP: 25/29 MP: 4/4
  1322 | D:2      | Found a shimmering altar of Xom.
  1322 | D:2      | Found a burning altar of Makhleb.
  1323 | D:2      | Found an opulent altar of Gozag.
  1323 | D:2      | Found a deep blue altar of Sif Muna.
  1333 | D:2      | Became a worshipper of Xom of Chaos
  1751 | D:3      | XOM: silly message
  1758 | D:3      | XOM: give mutation
  1758 | D:3      | Gained mutation: You are weak. (Str -2) [Xom's mischief]
  1774 | D:3      | Reached skill level 1 in Dodging
  1830 | D:3      | Reached XP level 5. HP: 30/33 MP: 5/5
  1927 | D:3      | XOM: 1-stop teleportation journey
  2191 | D:3      | XOM: noise
  2290 | D:3      | Noticed Jessica
  2292 | D:3      | Killed Jessica
  2326 | D:4      | Reached XP level 6. HP: 28/38 MP: 6/6
  2360 | D:4      | XOM: polymorph hound -> wolf
  2368 | D:4      | Killed from afar by an orc wizard

Skill      XL: |  1  2  3  4  5 |
---------------+----------------+-----
Axes           | 2 3 4 |  4.0
Dodging        | 1 |  1.1
Shields        | 4 |  4.4
Fighting       | |  3.8
Armour         | |  3.8
Stealth        | |  0.2

Action                   |  1- 3 |  4- 6 || total
-------------------------+-------+-------++-------
Melee: War axe           |   151 |   143 ||   294
  Use: Scroll            |     6 |     5 ||    11
  Eat: Chunk             |     1 |     1 ||     2
       Ration            |       |     1 ||     1
Armor: Scale mail        |    73 |       ||    73
       Chain mail        |    29 |   115 ||   144
Dodge: Dodged            |    57 |    36 ||    93
Block: Shield            |    90 |   102 ||   192
